 Dungeon Crawl Stone Soup version 0.28-a0-664-gc179e30c89 (webtiles) character file.

Game seed: 17156175208770165050

141 siradein the Covered (level 5, -6/33 HPs)
             Began as a Gargoyle Fighter on Oct 16, 2021.
             Killed from afar by Natasha (10 damage)
             ... with a magic dart
             ... on level 2 of the Dungeon.
             The game lasted 00:03:35 (2546 turns).

siradein the Covered (Gargoyle Fighter)             Turns: 2546, Time: 00:03:36

Health: -6/33      AC: 13    Str: 21    XL:     5   Next: 24%
Magic:  5/5        EV:  9    Int:  8    God:
Gold:   95         SH:  4    Dex:  9    Spells: 4/4 levels left

rFire   + . .      SeeInvis .   a - +0 long sword
rCold   . . .      Faith    .   c - +0 buckler
rNeg    + . .      Spirit   .   p - +2 scale mail {rF+}
rPois   ∞          Reflect  .   (no helmet)
rElec   +          Harm     .   (no cloak)
rCorr   .          Rampage  .   (no gloves)
Will    .....                   (no boots)
Stlth   ..........              (no amulet)
HPRegen 0.11/turn               (no ring)
MPRegen 0.09/turn               (no ring)

@: no status effects
A: sickness immunity, AC +4, negative energy resistance 1, electricity
resistance, torment resistance 1, petrification resistance
a: no special abilities


You were on level 2 of the Dungeon.
You visited 1 branch of the dungeon, and saw 2 of its levels.

You collected 95 gold pieces.

Inventory:

Hand Weapons
 a - a +0 long sword (weapon)
Missiles
 m - 7 poisoned darts (quivered)
Armour
 c - a +0 buckler (worn)
 p - a +2 scale mail of fire resistance (worn)
Scrolls
 e - 4 scrolls of identify {unknown}
 g - a scroll of enchant armour {unknown}
 i - 2 scrolls of magic mapping {unknown}
 j - a scroll of brand weapon {unknown}
 l - a scroll of blinking {unknown}
 o - a scroll of amnesia {unknown}
Potions
 b - a potion of lignification {unknown}
 d - 3 potions of might
 f - 2 potions of resistance {unknown}
 h - a potion of flight {unknown}
 k - a potion of heal wounds {unknown}
 n - a potion of invisibility {unknown}
 q - a potion of brilliance {unknown}


   Skills:
 + Level 4.2 Fighting
 + Level 2.8 Long Blades
 + Level 4.3 Armour
 + Level 4.2 Shields


You had 4 spell levels left.
You didn't know any spells.
Your spell library contained the following spells:

 Spells                   Type           Power      Damage    Failure   Level
 Pain                     Necr           0%         1d4       75%         1
 Agony                    Necr           0%         N/A       100%        5
 Excruciating Wounds      Necr           0%         N/A       100%        5


Dungeon Overview and Level Annotations

Branches:
Dungeon (2/15)

Altars:

Shops:
D:1 !

Annotations:
D:2 Natasha


Innate Abilities, Weirdness & Mutations

You are immune to sickness and miasma.
Your stone body is resilient. (AC +4)
You are immune to poison.
You resist negative energy. (rN+)
You are resistant to electric shocks. (rElec)
You are resistant to unholy torment.
You are immune to petrification.


Message History

You block Natasha's attack.
Throw: 9 darts (poison)
Press: ? - help, Q - select action Shift-Dir - straight line, f - Natasha
Aim: Natasha, carrying a wand of digging (5) (moderately wounded, 47% to hit)
You throw a poisoned dart. The poisoned dart hits Natasha.
Natasha is poisoned.
Natasha is moderately wounded.
Natasha claws you.
You barely miss Natasha.
Natasha is moderately wounded.
Natasha claws you but does no damage. Natasha barely misses you.
You closely miss Natasha.
Natasha is heavily wounded.
Natasha claws you but does no damage.
You barely miss Natasha.
Natasha is heavily wounded.
Natasha looks more healthy.
Natasha claws you.
You completely miss Natasha.
Natasha is severely wounded.
Natasha claws you. Natasha misses you.
You hit Natasha.
Natasha is almost dead.
Natasha stares at you and mumbles some strange words.
The magic dart hits you!
* * * LOW HITPOINT WARNING * * *
You are too injured to fight recklessly!
Throw: 8 darts (poison)
Press: ? - help, Q - select action Shift-Dir - straight line, f/p - Natasha
Aim: Natasha, carrying a wand of digging (5) (almost dead, 47% to hit)
You throw a poisoned dart. The poisoned dart hits Natasha.
Natasha is almost dead.
Natasha claws you.
* * * LOW HITPOINT WARNING * * *
You barely miss Natasha.
Natasha is almost dead.
Natasha barely misses you.
You closely miss Natasha.
Natasha is almost dead.
Natasha casts a spell at you. The magic dart hits you!
You die...

.######.# #)# .# #†# #.#
.######.# # #.# # .#......# #.
#.###### .#.####.##### ##.
#....... ##.....#....# ###.#
#####... #..###.###.#
#...############.## #..# #.#
#.###................##
#..###.###.##.h@.###############
#.......÷#.....[......##########
##.###......###.###.............
##.#####.#.## #.# #...##########
#..........# #.# ##### #
#..#####.#.# #.# # ##..##...##.#
#.# # ......>.....# #.# #
##.........## #.# #


You could see Natasha.

Vanquished Creatures
  Natasha (twice) (D:2)
  Terence (D:2)
  A gnoll (D:1)
  An adder (D:2)
  3 dart slugs (D:1)
  2 endoplasms (D:2)
  A giant cockroach (D:1)
  5 hobgoblins
  4 quokkas
  3 ball pythons
  4 bats
  A frilled lizard (D:1)
  7 goblins
  5 kobolds
  A rat (D:2)
41 creatures vanquished.

Notes
Turn   | Place    | Note
-------+----------+-------------------------------------------
     0 | D:1      | siradein the Gargoyle Fighter began the quest for the Orb.
     0 | D:1      | Reached XP level 1. HP: 14/14 MP: 1/1
   287 | D:1      | Reached XP level 2. HP: 19/19 MP: 2/2
   884 | D:1      | Reached XP level 3. HP: 23/23 MP: 3/3
  1206 | D:1      | Found Meph's Distillery.
  1549 | D:2      | Reached XP level 4. HP: 29/29 MP: 4/4
  1863 | D:2      | Noticed Natasha
  1875 | D:2      | Killed Natasha
  1978 | D:2      | Noticed Terence
  1991 | D:2      | Killed Terence
  2357 | D:2      | Reached XP level 5. HP: 33/33 MP: 5/5
  2416 | D:2      | Noticed Natasha
  2431 | D:2      | Killed Natasha
  2527 | D:2      | Noticed Natasha
  2546 | D:2      | Killed from afar by Natasha

Illustrated notes

Levels and vault maps discovered:
D:1:      minmay_arrival_four_houses, layout_loops_ring, serial_shops, shop,
          chequers_serial_rivers_micro_e, corexii_leaking_fountain
D:2:      layout_loops_ring, uniq_natasha, uniq_terence

Skill      XL: |  1  2  3  4 |
---------------+-------------+-----
Long Blades    | 2 |  2.8
Armour         | 4 |  4.3
Shields        | 4 |  4.2
Fighting       | 4 |  4.2

Action                   |  1- 3 |  4- 6 || total
-------------------------+-------+-------++-------
Melee: Long sword        |   141 |    59 ||   200
Throw: Dart              |       |     8 ||     8
Armor: Scale mail        |    78 |    21 ||    99
Dodge: Dodged            |    58 |    27 ||    85
Block: Buckler           |    33 |     8 ||    41

Table legend: (Time is in decaauts)
 A = Elapsed time spent in this place.
 B = Non-inter-level travel time spent in this place.
 C = Inter-level travel time spent in this place.
 D = Time resting spent in this place.
 E = Time spent auto-exploring this place.
 F = Levels seen in this place.
 G = Mean time per level.
                   A        B        C        D        E       F      G
               +--------+--------+--------+--------+--------+-----+--------+
         Total |   2623 |   2568 |     55 |      0 |   2123 |   2 | 1311.5 |
       Dungeon |   2623 |   2568 |     55 |      0 |   2123 |   2 | 1311.5 |
               +--------+--------+--------+--------+--------+-----+--------+

Top non-repeatable levels by time:
     D:1: 1521 daAuts
     D:2: 1102 daAuts
